 Dungeon Crawl Stone Soup version 0.31-a0-75-g6fe912e8c5 (webtiles) character file.

Game seed: 12454244411024288915

3106 Dittersdorf the Blocker (level 9, -9/59 HPs)
             Began as a Gargoyle Fighter on May 23, 2023.
             Was a Follower of Okawaru.
             Shot with a sling bullet by Joseph (17 damage)
             ... on level 8 of the Dungeon.
             The game lasted 00:10:35 (6416 turns).

Dittersdorf the Blocker (Gargoyle Fighter)          Turns: 6416, Time: 00:10:36

Health: -9/59      AC: 23    Str: 28    XL:     9   Next: 90%
Magic:  9/9        EV: 10    Int:  9    God:    Okawaru [*.....]
Gold:   325        SH:  5    Dex:  9    Spells: 8/8 levels left

rFire   . . .        a - +1 flail
rCold   + . .        c - +0 buckler
rNeg    + . .        j - +9 scale mail of Kereb {-Tele Will+ Regen+ Str+4}
rPois   ∞            (no helmet)
rElec   +            (no cloak)
rCorr   +            (no gloves)
SInv    .            (no boots)
Will    +....        (no amulet) Stlth
                     m - ring of protection from cold
HPRegen 1.09/turn    t - ring of resist corrosion
MPRegen 0.11/turn

%: no teleportation
@: no status effects
A: sickness immunity, AC +6, negative energy resistance 1, electricity
resistance, torment resistance 1, petrification resistance
a: Renounce Religion, Heroism


You were on level 8 of the Dungeon.
You worshipped Okawaru.
Okawaru was aware of your devotion.
You visited 2 branches of the dungeon, and saw 9 of its levels.
You also visited: Sewer.

You collected 325 gold pieces.

Inventory:

Hand Weapons
 a - a +1 flail (weapon)
Armour
 c - a +0 buckler (worn)
 j - the +9 scale mail of Kereb (worn) {-Tele Will+ Regen+ Str+4}
   (You found it on level 4 of the Dungeon)

   Str:       It affects your strength (+4).
   -Tele:     It prevents most forms of teleportation.
   Regen:     It increases your rate of health regeneration.
   Will:      It increases your willpower.
 v - a +0 plate armour
Jewellery
 m - a ring of protection from cold (left hand)
 r - a ring of see invisible
 t - a ring of resist corrosion (right hand)
Scrolls
 f - 4 scrolls of blinking
 k - 3 scrolls of teleportation
 l - 2 scrolls of fog
 s - 2 scrolls of fear
Potions
 d - 2 potions of might
 e - 2 potions of haste
 g - 3 potions of cancellation
 h - a potion of resistance
 i - 2 potions of brilliance
 n - 3 potions of heal wounds
 o - a potion of mutation {unknown}
 p - 4 potions of curing {unknown}
 q - 2 potions of degeneration {unknown}
 u - a potion of lignification {unknown}
 w - a potion of experience {unknown}


   Skills:
 + Level 8.1 Fighting
 + Level 7.0 Maces & Flails
 + Level 8.1 Armour
 + Level 8.1 Shields


You had 8 spell levels left.
You didn't know any spells.
Your spell library contained the following spells:

 Spells                   Type           Power      Damage    Failure   Level
 Blink                    Tloc           0%         N/A       80%         2
 Ensorcelled Hibernation  Hex/Ice        0%         N/A       80%         2
 Lesser Beckoning         Tloc           0%         N/A       80%         2
 Momentum Strike          Conj/Tloc      0%         3d8       80%         2
 Passwall                 Tmut/Erth      0%         N/A       80%         2
 Gell's Gravitas          Tloc           0%         N/A       95%         3
 Swiftness                Air            0%         N/A       95%         3
 Teleport Other           Tloc           0%         N/A       95%         3
 Summon Small Mammal      Summ           Unusable   N/A       N/A         1
 Call Canine Familiar     Summ           Unusable   N/A       N/A         3
 Summon Guardian Golem    Hex/Summ       Unusable   N/A       N/A         3

Dungeon Overview and Level Annotations

Branches:
Dungeon (8/15)             Temple (1/1) D:7           Sewer (visited)
   Lair: D:8-11

Altars:
Ashenzari
Cheibriados
Dithmenos
Elyvilon
Gozag
Hepliaklqana
Kikubaaqudgha
Makhleb
Nemelex Xobeh
Okawaru
Qazlal
Ru
Sif Muna
Trog
Uskayaw
Vehumet
Wu Jian
Xom
Yredelemnul
Zin
The Shining One

Shops:
D:1 =

Annotations:
D:8 Joseph


Innate Abilities, Weirdness & Mutations

You are immune to sickness and miasma.
Your stone body is resilient. (AC +6)
You are immune to poison.
You resist negative energy. (rN+)
You are resistant to electric shocks. (rElec)
You are resistant to unholy torment.
You are immune to petrification.


Message History

You block the orc warrior's attack.
Joseph shouts!
You sock the orc warrior!
The orc warrior is heavily wounded.
The orc warrior hits you but does no damage.
You hit the orc warrior.
The orc warrior is severely wounded.
The orc warrior closely misses you.
Joseph unwields a +0 quarterstaff.
Joseph wields a +0 sling.
Joseph shoots a sling bullet.
The sling bullet hits you but does no damage.
You hit the orc warrior but do no damage.
The orc warrior is severely wounded.
The orc warrior barely misses you.
You hit the orc warrior but do no damage.
The orc warrior is severely wounded.
The orc warrior hits you with a +0 glaive!
Joseph shoots a sling bullet.
The sling bullet hits you!
* * * LOW HITPOINT WARNING * * *
The orc warrior closely misses you.
You sock the orc warrior!
You kill the orc warrior!
Okawaru accepts your kill.
Joseph shoots a sling bullet.
The sling bullet hits you but does no damage.
Your Maces & Flails skill increases to level 7!
Throw: dart (curare)
Press: ? - help, Q - select action, (/) - cycle Shift-Dir - straight line, f - Joseph
Aim: Joseph, wielding a +0 sling and wearing a +0 leather armour (59% to hit)
You throw a curare-tipped dart. The curare-tipped dart hits Joseph.
Joseph is poisoned.
Joseph convulses.
Joseph seems to slow down.
Joseph is lightly wounded.
A kobold brigand comes into view.
It is wielding a +0 short sword and quivering poisoned darts.
The kobold brigand shouts!
The kobold brigand throws a poisoned dart.
You block the poisoned dart.
The kobold brigand throws a poisoned dart.
The poisoned dart completely misses you.
Joseph shoots a sling bullet.
The sling bullet hits you!
You die...

........#...........#
......###...#..............
##..............#..........
#...#.#........#.#........
#..># #..#.#...... ......#
###.####..##########..(..[#
#...###....## #..@.....
..>..#......#######........
.##...........#.@.).)......
...........K....)##))......
................##K........
<..#.......##..............
...#......##...............
.........#....#............
.#...#######..#............
.##..# #...............
###.............


You could see Joseph (very poisoned, slow) and a kobold brigand.

Vanquished Creatures
  2 hornets (D:8)
  A steam dragon (D:7)
  2 black bears
  2 orc warriors
  4 sky beasts
  3 ogres
  3 kobold brigands
  6 bullfrogs
  5 scorpions
  3 howler monkeys
  A hound (D:7)
  5 orc priests
  2 sleepcaps
  3 iguanas
  4 orc wizards
  9 adders
  A shadow imp (D:7)
  2 ufetubi
  4 worms
  A dart slug (D:1)
  19 orcs
  10 ball pythons
  5 endoplasms
  13 giant cockroaches
  4 goblins
  3 hobgoblins (D:1)
  4 jackals (D:1)
  21 kobolds
  7 quokkas
  4 bats
  11 frilled lizards
  7 rats
171 creatures vanquished.

Notes
Turn   | Place    | Note
-------+----------+-------------------------------------------
     0 | D:1      | Dittersdorf the Gargoyle Fighter began the quest for the
                  | Orb.
     0 | D:1      | Reached XP level 1. HP: 14/14 MP: 1/1
    85 | D:1      | Reached XP level 2. HP: 6/19 MP: 2/2
   337 | D:1      | Reached XP level 3. HP: 23/23 MP: 3/3
   480 | D:1      | Found Gygiresm's Jewellery Boutique.
   911 | D:2      | Reached XP level 4. HP: 19/29 MP: 4/4
  1105 | D:3      | Noticed a scorpion
  1116 | D:3      | Killed a scorpion
  1117 | D:3      | Reached XP level 5. HP: 17/33 MP: 5/5
  1644 | D:3      | Found a faded altar of an unknown god.
  1824 | D:3      | HP: 1/33 [orc priest/divine providence (8)]
  2170 | D:4      | Reached XP level 6. HP: 33/39 MP: 6/6
  2338 | D:4      | Found a broken altar of Ashenzari.
  2462 | D:4      | Identified the +9 scale mail of Kereb {-Tele Will+ Regen+
                  | Str+4}
  2931 | D:5      | Entered Level 5 of the Dungeon
  2958 | D:5      | Reached skill level 5 in Fighting
  2958 | D:5      | Reached skill level 5 in Armour
  2958 | D:5      | Reached skill level 5 in Shields
  2958 | D:5      | Reached XP level 7. HP: 33/44 MP: 7/7
  3302 | D:5      | Found a glowing drain.
  3333 | Sewer    | Entered a sewer
  4111 | D:5      | Reached XP level 8. HP: 51/51 MP: 8/8
  4393 | D:6      | Reached skill level 5 in Maces & Flails
  5096 | D:7      | Reached XP level 9. HP: 56/56 MP: 9/9
  5197 | D:7      | Found a staircase to the Ecumenical Temple.
  5202 | Temple   | Entered the Ecumenical Temple
  5390 | Temple   | Became a worshipper of Warmaster Okawaru
  6043 | D:8      | Noticed a hornet
  6072 | D:8      | Killed a hornet
  6335 | D:8      | Reached * piety under Okawaru
  6337 | D:8      | Noticed a hornet
  6359 | D:8      | Killed a hornet
  6408 | D:8      | Noticed Joseph
  6416 | D:8      | Shot with a sling bullet by Joseph

Illustrated notes

Levels and vault maps discovered:
D:1:      saegor_arrival_simple_c, layout_rooms, serial_shops, shop_fountains
D:2:      layout_rooms
D:3:      layout_loops_cross, ebering_ecumenical_altar_sacrificial,
          palyth_stone_intersect
D:4:      layout_loops_cross, cheibrodos_ashenzari_chains
D:5:      layout_basic, cheibrodos_sewer_entry_bend, glass_columns_a
D:6:      nicolae_cairo_tiling_very_big, layout_cave_pools,
          minmay_misc_feat_square, minmay_quadrilaterals
D:7:      layout_basic, temple_statues, minmay_crossroads
D:8:      layout_cave_pools, serial_shops, shop_fountains, special_room
          [special_room_kobold], uniq_joseph
Temple:   nicolae_temple_bog_church

Skill      XL: |  1  2  3  4  5  6  7  8  9 |
---------------+----------------------------+-----
Fighting       | 4 5 6 8 |  8.1
Maces & Flails | 3 4 5 7 |  7.0
Armour         | 4 5 6 8 |  8.1
Shields        | 4 5 6 8 |  8.1

Action                     |  1- 3 |  4- 6 |  7- 9 || total
---------------------------+-------+-------+-------++-------
  Melee: Flail             |   114 |   152 |   521 ||   787
  Throw: Dart              |       |       |     2 ||     2
    Use: Scroll            |       |    10 |     7 ||    17
 Armour: Scale mail        |    71 |    99 |   391 ||   561
  Dodge: Dodged            |    57 |    78 |   298 ||   433
  Block: Buckler           |    33 |    37 |   166 ||   236

Table legend: (Time is in decaauts)
 A = Elapsed time spent in this place.
 B = Non-inter-level travel time spent in this place.
 C = Inter-level travel time spent in this place.
 D = Time resting spent in this place.
 E = Time spent auto-exploring this place.
 F = Levels seen in this place.
 G = Mean time per level.
                   A        B        C        D        E       F      G
               +--------+--------+--------+--------+--------+-----+--------+
         Total |   6636 |   6340 |    296 |    772 |   3384 |  10 |  663.6 |
       Dungeon |   6007 |   5741 |    266 |    772 |   3219 |   8 |  750.9 |
        Temple |    211 |    182 |     29 |      0 |    165 |   1 |  211.0 |
         Sewer |    418 |    418 |      0 |      0 |      0 |   1 |  418.0 |
               +--------+--------+--------+--------+--------+-----+--------+

Top non-repeatable levels by time:
     D:5: 957 daAuts
     D:3: 936 daAuts
     D:6: 849 daAuts
     D:4: 823 daAuts
     D:7: 800 daAuts
     D:2: 648 daAuts
     D:1: 598 daAuts
   Sewer: 418 daAuts
     D:8: 394 daAuts
  Temple: 211 daAuts
